 Dungeon Crawl Stone Soup version 0.27.0-1-g7a089689b8 (webtiles) character file.

Game seed: 3849209791912444221

3850 lnt the Severer (level 9, -2/105 HPs)
             Began as a Minotaur Berserker on Aug 11, 2021.
             Was an Elder of Trog.
             Slain by a manticore (18 damage)
             ... on level 8 of the Dungeon.
             The game lasted 00:17:28 (11641 turns).

lnt the Severer (Minotaur Berserker)               Turns: 11641, Time: 00:17:29

Health: -2/105     AC: 14    Str: 25    XL:     9   Next: 98%
Magic:  8/8        EV:  7    Int:  4    God:    Trog [****..]
Gold:   503        SH:  0    Dex: 10    Spells: 8/8 levels left

rFire    . . .     SeeInvis .   A - +3 war axe
rCold    . . .     Faith    .   (no shield)
rNeg     . . .     Spirit   .   H - +0 plate armour
rPois    .         Reflect  .   (helmet restricted)
rElec    .         Harm     .   (no cloak)
rCorr    .         Rampage  .   (no gloves)
Will     .....                  i - +0 pair of boots
Stlth    ..........             (no amulet)
HPRegen  0.27/turn              (no ring)
MPRegen  0.11/turn              (no ring)

@: berserking, very quick
A: horns 2, retaliatory headbutt
a: Renounce Religion, Berserk, Trog's Hand, Brothers in Arms


You were on level 8 of the Dungeon.
You worshipped Trog.
Trog was greatly pleased with you.
You visited 1 branch of the dungeon, and saw 8 of its levels.
You also visited: Sewer.

You collected 503 gold pieces.

Inventory:

Hand Weapons
 a - a +0 hand axe
 d - a +5 dagger of venom
 g - a +0 hunting sling
 y - a +5 flail
 A - a +3 war axe (weapon)
 D - a +0 arbalest of flaming
Missiles
 e - 110 stones (quivered)
 j - 41 sling bullets
Armour
 i - a +0 pair of boots (worn)
 r - a +0 chain mail
 H - a +0 plate armour (worn)
Jewellery
 m - an amulet of magic regeneration
 v - a ring of protection from fire
 I - a ring of willpower
Wands
 b - a wand of paralysis (3)
 u - a wand of digging (3)
 C - a wand of acid (12)
 G - a wand of iceblast (5)
Scrolls
 c - 5 scrolls of brand weapon {unknown}
 k - a scroll of summoning {unknown}
 l - 9 scrolls of identify {unknown}
 n - a scroll of immolation {unknown}
 o - 2 scrolls of enchant weapon {unknown}
 t - a scroll of amnesia {unknown}
 w - a scroll of noise {unknown}
 E - 2 scrolls of teleportation {unknown}
 F - a scroll of magic mapping {unknown}
 J - a scroll of blinking {unknown}
Potions
 f - 4 potions of brilliance {unknown}
 h - 4 potions of curing {unknown}
 p - 3 potions of degeneration {unknown}
 q - 2 potions of haste {unknown}
 s - 3 potions of lignification {unknown}
 x - 3 potions of might {unknown}
 z - 3 potions of flight {unknown}
 B - a potion of invisibility {unknown}


   Skills:
 - Level 3.6 Fighting
 + Level 15.5 Axes
 + Level 6.1 Armour
 - Level 2.1 Dodging


You had 8 spell levels left.
You didn't know any spells.
Your spell library was empty.

Dungeon Overview and Level Annotations

Branches:
Dungeon (8/15)             Temple (0/1) D:6           Sewer (visited)
   Lair: D:8-11

Altars:
Dithmenos
Hepliaklqana
Nemelex Xobeh
Sif Muna
Trog
Uskayaw
Vehumet
Wu Jian
Zin
The Shining One


Innate Abilities, Weirdness & Mutations

You have a pair of horns on your head.
You reflexively headbutt those who attack you in melee.


Message History

The cyclops is severely wounded.
You closely miss the vampire mosquito.
The vampire mosquito closely misses you.
You furiously retaliate!
You headbutt the vampire mosquito! You barely miss the cyclops.
The cyclops is severely wounded.
You slash the vampire mosquito!
The vampire mosquito bites you but does no damage.
The cyclops hits you!!
* * * LOW HITPOINT WARNING * * *
You hear a shout!
You hit the cyclops. You headbutt the cyclops.
The cyclops is almost dead.
You hit the vampire mosquito. You hit the cyclops.
You kill the cyclops!
Trog accepts your kill.
You slash the vampire mosquito!
You destroy the vampire mosquito!
Trog accepts your kill.
You can now call in reinforcements.
The centaur wields a +0 shortbow.
The centaur shoots an arrow.
The arrow hits you but does no damage.
Your Armour skill increases to level 6!
You barely miss the manticore. You closely miss the manticore.
The centaur shoots an arrow.
The arrow barely misses you. The manticore bites you!
* * * LOW HITPOINT WARNING * * *
The manticore claws you but does no damage.
The manticore claws you.
* * * LOW HITPOINT WARNING * * *
You hear a shout!
You barely miss the manticore. You headbutt the manticore!
The manticore is moderately wounded.
The centaur shoots an arrow.
The arrow hits you but does no damage.
A gnoll shaman comes into view. It is wielding a +0 club.
You barely miss the manticore. Your headbutt misses the manticore.
The manticore is moderately wounded.
The centaur shoots an arrow.
The arrow hits you but does no damage. The manticore bites you!!
You die...

#......# #. #.......
. #.###......> .##
....##...... ...
...##...)) ##.#
####...##.))) #H#.#
###..###..#.)..
#[#H###......##.#....
#:#@.....#...)......
#†#.##......###....
#c##..###..### #....
#o# ##...#### #...#


Dh# #... ....< ..# #.... ..... #.g# ##.# ...## .$# .. ..# .# You could see a
manticore, a black bear, an acid dragon, a centaur, a gnoll shaman and an orc.

Vanquished Creatures
  A cyclops (D:8)
  A hornet (D:7)
  3 steam dragons
  A vampire mosquito (D:8)
  Edmund (D:4)
  2 water moccasins
  3 orc warriors
  An ice beast (D:6)
  3 ogres
  A kobold brigand (D:8)
  2 bullfrogs
  Blork the orc (D:4)
  3 scorpions
  A water moccasin skeleton (D:5)
  5 wights (D:6)
  4 killer bees (D:7)
  2 centaur zombies (D:5)
  4 hounds
  3 orc priests
  3 jellies
  Jessica (D:3)
  2 iguanas
  Ijyb (D:3)
  Natasha (thrice) (D:2)
  A hound skeleton (D:4)
  Robin (D:3)
  5 river rats (D:6)
  17 adders
  A white imp (D:7)
  An ufetubus (D:6)
  2 adder skeletons (D:4)
  5 worms
  4 dart slugs
  12 orcs
  4 endoplasms
  A giant cockroach (D:3)
  12 goblins
  9 hobgoblins
  7 jackals
  13 kobolds
  6 quokkas
  9 ball pythons
  A bat (D:1)
  3 frilled lizards
  3 rats
169 creatures vanquished.

Notes
Turn   | Place    | Note
-------+----------+-------------------------------------------
     0 | D:1      | lnt the Minotaur Berserker began the quest for the Orb.
     0 | D:1      | Reached XP level 1. HP: 19/19 MP: 0/0
   236 | D:1      | Reached skill level 4 in Axes
   487 | D:1      | Reached XP level 2. HP: 25/26 MP: 1/1
  1308 | D:2      | Found a faded altar of an unknown god.
  1379 | D:2      | Reached skill level 5 in Axes
  1379 | D:2      | Reached XP level 3. HP: 31/31 MP: 2/2
  1619 | D:2      | Noticed Natasha
  1626 | D:2      | Killed Natasha
  1713 | D:2      | Noticed Natasha
  1727 | D:2      | Killed Natasha
  1728 | D:2      | Reached skill level 6 in Axes
  1728 | D:2      | Reached XP level 4. HP: 10/39 MP: 3/3
  2993 | D:2      | Reached skill level 7 in Axes
  2993 | D:2      | Reached XP level 5. HP: 43/45 MP: 4/4
  3007 | D:2      | Noticed Natasha
  3015 | D:2      | Killed Natasha
  3015 | D:2      | Reached ** piety under Trog
  3889 | D:3      | Noticed an ogre
  3901 | D:3      | Killed an ogre
  3902 | D:3      | Reached skill level 8 in Axes
  3902 | D:3      | Reached XP level 6. HP: 51/51 MP: 5/5
  4344 | D:3      | Noticed Robin
  4374 | D:3      | Killed Robin
  4501 | D:3      | Noticed Ijyb
  4508 | D:3      | Killed Ijyb
  4736 | D:3      | Noticed Jessica
  4745 | D:3      | Found a shimmering blue altar of Sif Muna.
  4760 | D:3      | Killed Jessica
  4761 | D:3      | Reached skill level 9 in Axes
  5405 | D:4      | Noticed Blork the orc
  5420 | D:4      | Killed Blork the orc
  5733 | D:4      | Reached XP level 7. HP: 57/57 MP: 6/6
  5843 | D:4      | Found a sparkling altar of Nemelex Xobeh.
  6000 | D:4      | Noticed Edmund
  6021 | D:4      | Killed Edmund
  6022 | D:4      | Reached skill level 10 in Axes
  6278 | D:4      | Found a hide-covered altar of Uskayaw.
  6289 | D:4      | Found an ornate altar of the Wu Jian Council.
  6419 | D:4      | Found a glowing golden altar of the Shining One.
  6437 | D:4      | Found a shadowy altar of Dithmenos.
  6498 | D:5      | Entered Level 5 of the Dungeon
  7218 | D:5      | Reached skill level 11 in Axes
  7311 | D:5      | Reached XP level 8. HP: 64/64 MP: 7/7
  7802 | D:6      | Reached skill level 12 in Axes
  8207 | D:6      | Reached *** piety under Trog
  8283 | D:6      | Found a glowing drain.
  8289 | Sewer    | Entered a sewer
  8837 | D:6      | Found a staircase to the Ecumenical Temple.
  8859 | D:6      | Reached skill level 13 in Axes
  8874 | D:6      | Found a bloodstained altar of Trog.
  9431 | D:6      | Reached XP level 9. HP: 61/70 MP: 8/8
  9651 | D:7      | Reached skill level 14 in Axes
 10508 | D:7      | Found a radiant altar of Vehumet.
 10665 | D:7      | Found a hazy altar of Hepliaklqana.
 10742 | D:7      | Found a glowing silver altar of Zin.
 10849 | D:7      | Reached skill level 15 in Axes
 11612 | D:8      | Reached skill level 5 in Armour
 11627 | D:8      | Noticed a jumping spider
 11629 | D:8      | Noticed a cyclops
 11631 | D:8      | Noticed a manticore
 11637 | D:8      | Killed a cyclops
 11637 | D:8      | Reached **** piety under Trog
 11641 | D:8      | Slain by a manticore

Illustrated notes

Levels and vault maps discovered:
D:1:      mrwooster_arrival_statue, layout_loops_ring, minmay_heptomino_o4
D:2:      layout_loops_ring, ebering_ecumenical_altar_mist,
          kennysheep_cluttered_room, minmay_fountain_box,
          corexii_hall_statues_s, minmay_snake_closets, uniq_natasha
D:3:      layout_basic, tgw_sif, hangedman_decor_clover_reticule, uniq_ijyb,
          uniq_robin, uniq_jessica
D:4:      layout_rooms, mainiacjoe_overflow_six_doors_small,
          nicolae_overflow_quartered_altars, st_stairs_6, minmay_cupped,
          uniq_blork_the_orc, uniq_edmund
D:5:      layout_rooms
D:6:      layout_loops_corners, nicolae_overflow_crystal_walls,
          minmay_temple_entry_sparse_star, chequers_ossuary_entry_cave,
          lightli_sewer_entry_pipes
D:7:      layout_loops_ring, mainiacjoe_overflow_alcove_2,
          mainiacjoe_overflow_surrounded_room, lemuel_tele_altar
D:8:      minmay_the_grid_octo_tiled_squarecenter
          [minmay_the_grid_octo_concentric, minmay_the_grid_octo_shrine,
          minmay_the_grid_octo_fat_diamond, minmay_the_grid_octo_odd_swirl,
          minmay_the_grid_square_5x5_megaprize_checkered,
          minmay_the_grid_square_5x5_bridge,
          minmay_the_grid_square_5x5_spiral_small,
          minmay_the_grid_square_5x5_doubleslash,
          minmay_the_grid_square_5x5_two_walls_b], layout_cave_pools,
          minivault_22

Skill      XL: |  1  2  3  4  5  6  7  8  9 |
---------------+----------------------------+-----
Axes           | 4 5 6 7 8 9 11 13 15 | 15.5
Armour         | 6 |  6.1
Fighting       | |  3.6
Dodging        | |  2.1

Action                   |  1- 3 |  4- 6 |  7- 9 || total
-------------------------+-------+-------+-------++-------
Melee: Hand axe          |    53 |   137 |    33 ||   223
       Headbutt          |     4 |    18 |    51 ||    73
       Dagger            |       |    30 |    89 ||   119
       War axe           |       |       |   186 ||   186
Invok: Berserk           |       |     2 |     5 ||     7
       Trog's Hand       |       |     2 |     2 ||     4
Armor: Ring mail         |    15 |    57 |       ||    72
       Animal skin       |     1 |       |       ||     1
       Chain mail        |       |    16 |    82 ||    98
       Plate armour      |       |       |    25 ||    25
Dodge: Dodged            |    23 |    87 |    97 ||   207
